 Dungeon Sprint DCSS version 0.22.0-13-g43fe8f2 (webtiles) character file.

31 poirepourri the Basher (level 4, -1/28 HPs)
             Began as a Gargoyle Fighter on Aug 16, 2018.
             Was a Believer of Qazlal.
             Slain by a hell hound (7 damage)
             ... in the Dungeon (Sprint VI: "Thunderdome").
             The game lasted 00:01:09 (387 turns).

poirepourri the Basher (Gargoyle Fighter)            Turns: 387, Time: 00:01:09

Health: -1/28      AC: 10    Str: 19    XL:     4   Next: 46%
Magic:  4/4        EV:  7    Int:  8    God:    Qazlal [**....]
Gold:   115        SH: 12    Dex: 19    Spells: 3/3 levels left

rFire    + . .     SeeInvis +   a - +0 flail
rCold    + . .     Gourm    .   c - +0 shield
rNeg     + + +     Faith    .   b - +0 scale mail
rPois    ∞         Spirit   .   (no helmet)
rElec    +         Reflect  .   (no cloak)
rCorr    +         Harm     .   (no gloves)
MR       +....     NoTele   +   (no boots)
Stlth    ..........             r - amulet "Umyih" {+Rage rN+ MR+ SInv}
HPRegen  0.09/turn              p - ring of Luaterax {rElec rN+ Str-4 Dex+9}
MPRegen  0.09/turn              q - ring of Gluttony {rN+ Str+3 Stlth-}

@: resistant
A: negative energy resistance 1, electricity resistance, unbreathing,
petrification resistance, rot immunity, AC +3
a: Upheaval, Renounce Religion, Evoke Berserk Rage


You were in the Dungeon.
You worshipped Qazlal.
Qazlal was pleased with you.
You were not hungry.

You visited 1 branch You collected 250 gold pieces.
You spent 135 gold pieces at shops.

Inventory:

Hand Weapons
 a - a +0 flail (weapon)
Armour
 b - a +0 scale mail (worn)
 c - a +0 shield (worn)
Jewellery
 p - the ring of Luaterax (left hand) {rElec rN+ Str-4 Dex+9}
   (You bought it in a shop in the Dungeon)

   [ring of positive energy]

   It affects your strength (-4).
   It affects your dexterity (+9).
   It insulates you from electricity.
   It protects you from negative energy.
 q - the ring of Gluttony (right hand) {rN+ Str+3 Stlth-}
   (You bought it in a shop in the Dungeon)

   [ring of attention]

   It affects your strength (+3).
   It protects you from negative energy.
   It makes you less stealthy.
 r - the amulet "Umyih" (around neck) {+Rage rN+ MR+ SInv}
   (You bought it in a shop in the Dungeon)

   [amulet of rage]

   It protects you from negative energy.
   It affects your resistance to hostile enchantments.
   It lets you see invisible.
   It lets you go berserk.
Wands
 m - a wand of acid (5)
 n - a wand of iceblast (5)
Scrolls
 k - 4 scrolls of blinking
 o - 3 scrolls of fog
Potions
 e - a potion of curing
 g - 3 potions of heal wounds
 h - 4 potions of haste
 i - 2 potions of magic
 j - a potion of berserk rage
Comestibles
 f - a ration


   Skills:
 - Level 3.2 Fighting
 + Level 8.7 Maces & Flails
 - Level 3.2 Armour
 - Level 3.2 Shields


You had 3 spell levels left.
You didn't know any spells.
Your spell library was empty.

Dungeon Overview and Level Annotations

Branches:
Dungeon (1/1)

Altars:
Cheibriados
Dithmenos
Fedhas
Gozag
Kikubaaqudgha
Makhleb
Okawaru
Qazlal
Ru
Sif Muna
Trog
Uskayaw
Vehumet
Wu Jian
Xom
Yredelemnul
Zin
The Shining One
Beogh
Jiyva
Lugonu

Shops:
D *[%??*?*:[((!!!!


Innate Abilities, Weirdness & Mutations

You are resistant to torment.
Your stone body is resilient. (AC +3)
You are immune to poison.
You resist negative energy. (rN+)
You are resistant to electric shocks. (rElec)
You can survive without breathing.
You are immune to petrification.
You are immune to rotting.


Message History

The hell hound breathes flames at you. The blast of flame hits you! You resist.
You hit the hell hound.
The hell hound is heavily wounded.
The hell hound closely misses you. The hell hound bites you.
You block the hell hound's attack.
You hit the hell hound.
The hell hound is severely wounded.
You block the hell hound's attack.
The hell hound bites you but does no damage.
The hell hound bites you.
You hit the hell hound.
The hell hound is severely wounded.
The hell hound bites you but does no damage.
You block the hell hound's attack. The hell hound bites you.
* * * LOW HITPOINT WARNING * * *
You hit the hell hound but do no damage.
The hell hound is severely wounded.
You block the hell hound's attack. The hell hound bites you!
You die...

##...÷.........###.............#
#⌠..........###...###..........⌠
#⌠..........# #.<.# #..........⌠
#⌠..........###...###..........⌠
##.............###.............#
###∩........8.# #.8........∩###
##∩.__......###......___∩##
######.8..h§.....8.######
#⌠....@h.....⌠# ###.........###
#_......._# #_......._#
#_......._# #∩.......∩#
##∩.....∩## ##.....## ##⌠⌠⌠##


You could see 2 hell hounds.

Vanquished Creatures
  2 jellies (D)
  4 oozes (D)
  An adder skeleton (D)
  A bat (D)
8 creatures vanquished.

Notes
Turn   | Place    | Note
-------+----------+-------------------------------------------
     0 | D        | poirepourri the Gargoyle Fighter began the quest for the Orb.
     0 | D        | Reached XP level 1. HP: 14/14 MP: 1/1
     3 | D        | Found a sacrificial altar of Ru.
     3 | D        | Found a roughly hewn altar of Beogh.
     4 | D        | Found a viscous altar of Jiyva.
     5 | D        | Found an ancient bone altar of Kikubaaqudgha.
     5 | D        | Round 1.
     6 | D        | Found Uqiwka's Delicious Food.
     6 | D        | Found a basalt altar of Yredelemnul.
     6 | D        | Found an opulent altar of Gozag.
     6 | D        | Found Cocau's Identification Station.
     7 | D        | Found Oboatisch's Jewellery.
     7 | D        | Found Uggistra's Advanced Armour.
    17 | D        | Bought a brightly glowing pewter ring for 45 gold pieces
    17 | D        | Bought a scorched bronze ring for 45 gold pieces
    17 | D        | Bought a scorched jade amulet for 45 gold pieces
    17 | D        | Identified the ring of Luaterax {rElec rN+ Str-4 Dex+9} (You bought it in a shop in the Dungeon)
    18 | D        | Identified the ring of Gluttony {rN+ Str+3 Stlth-} (You bought it in a shop in the Dungeon)
    19 | D        | Identified the amulet "Umyih" {+Rage rN+ MR+ SInv} (You bought it in a shop in the Dungeon)
    23 | D        | Found a stormy altar of Qazlal.
    24 | D        | Found a snail-covered altar of Cheibriados.
    25 | D        | Found a corrupted altar of Lugonu.
    26 | D        | Found Puides's Premium Goods.
    27 | D        | Found Ulepaem's Miscellaneous Merchandise.
    27 | D        | Found Biodid's Basic Armour.
    28 | D        | Found a bloodstained altar of Trog.
    28 | D        | Found an ornate altar of the Wu Jian Council.
    28 | D        | Found a glowing silver altar of Zin.
    28 | D        | Found Goghihoc's Weapon Rack.
    32 | D        | Found a blossoming altar of Fedhas.
    33 | D        | Found a deep blue altar of Sif Muna.
    34 | D        | Found a burning altar of Makhleb.
    35 | D        | Found Rofanwag's Do-It-Yourself Clinic.
    36 | D        | Found Puim's Bottled Wisdom.
    36 | D        | Found Urhocam's Distillery.
    46 | D        | Became a worshipper of Qazlal Stormbringer
    93 | D        | Reached skill level 3 in Maces & Flails
   134 | D        | Noticed Terence
   144 | D        | Arena points: 3 (+3) [x1]
   159 | D        | Round 2.
   211 | D        | Reached skill level 4 in Maces & Flails
   211 | D        | Reached XP level 2. HP: 17/19 MP: 2/2
   225 | D        | Found a shadowy altar of Dithmenos.
   225 | D        | Found a radiant altar of Vehumet.
   225 | D        | Found Guobruit's Distillery.
   229 | D        | Reached * piety under Qazlal
   229 | D        | Reached skill level 5 in Maces & Flails
   250 | D        | Reached skill level 7 in Maces & Flails
   250 | D        | Reached XP level 3. HP: 16/23 MP: 3/3
   255 | D        | Reached ** piety under Qazlal
   255 | D        | Reached skill level 8 in Maces & Flails
   255 | D        | Reached XP level 4. HP: 14/28 MP: 4/4
   259 | D        | Found a glowing golden altar of the Shining One.
   261 | D        | Found an iron altar of Okawaru.
   262 | D        | Found a hide-covered altar of Uskayaw.
   262 | D        | Found Ohelakki's Staff Store.
   263 | D        | Found Moqemy's Must-Have Magic.
   263 | D        | Found Ijubynti's Magic Scroll Shop.
   264 | D        | Found a shimmering altar of Xom.
   264 | D        | Found Dihuvots's Magic Scroll Shop.
   309 | D        | Arena points: 31 (+28) [x2]
   341 | D        | Round 3.
   378 | D        | Noticed a hell hound
   378 | D        | Noticed a hell hound
   387 | D        | Slain by a hell hound

Skill      XL: |  1  2  3 |
---------------+----------+-----
Maces & Flails | 4 7 8 |  8.7
Fighting       | |  3.2
Armour         | |  3.2
Shields        | |  3.2

Action                   |  1- 3 |  4- 6 || total
-------------------------+-------+-------++-------
Melee: Flail             |    28 |    10 ||    38
  Use: Potion            |     2 |     1 ||     3
Armor: Scale mail        |     7 |     3 ||    10
Dodge: Dodged            |    10 |     1 ||    11
Block: Shield            |    13 |     8 ||    21
